 Dungeon Crawl Stone Soup version 0.24.0-13-gcf9b319 (webtiles) character file.

Game seed: 8237311628391365771, levelgen mode: deterministic

48672 Taxorgian the Bludgeoner (level 14, 0/137 HPs)
             Began as a Minotaur Fighter on May 21, 2020.
             Was the Champion of Okawaru.
             Slain by a dire elephant (4 damage)
             ... on level 6 of the Lair of Beasts.
             The game lasted 00:44:53 (15198 turns).

Taxorgian the Bludgeoner (Minotaur Fighter)        Turns: 15198, Time: 00:44:54

Health: 0/137      AC: 33    Str: 22    XL:     14   Next: 13%
Magic:  0/18       EV:  8    Int:  5    God:    Okawaru [******]
Gold:   1911       SH: 15    Dex: 14    Spells: 13/13 levels left

rFire    + + +     SeeInvis .   s - +5 morningstar (freeze)
rCold    . . .     Gourm    .   z - +2 buckler {rF+}
rNeg     . . .     Faith    .   J - +1 crystal plate armour
rPois    .         Spirit   +   (helmet restricted)
rElec    .         Reflect  .   (no cloak)
rCorr    .         Harm     .   c - +2 pair of gloves
MR       +....                  j - +0 pair of boots
Stlth    ..........             d - amulet of guardian spirit
HPRegen  0.32/turn              g - ring of protection from fire
MPRegen  0.16/turn              k - +4 ring of protection

@: heroism
A: retaliatory headbutt, horns 2, large bone plates 1, agile 1, fire resistance
1, weak 1
a: Heroism, Finesse, Renounce Religion


You were on level 6 of the Lair of Beasts.
You worshipped Okawaru.
Okawaru was exalted by your worship.
You were not hungry.

You visited 3 branches of the dungeon, and saw 17 of its levels.
You also visited: Ossuary.

You collected 2019 gold pieces.
You spent 108 gold pieces at shops.

Inventory:

Hand Weapons
 o - the +8 storm bow {elec, penet}
   (Okawaru gifted it to you on level 6 of the Lair of Beasts)

   It charges the ammunition it shoots with electricity; occasionally upon a
   hit, such missiles may discharge and cause terrible harm.
   Ammo fired by it will pass through the targets it hits, potentially hitting
   all targets in its path until it reaches maximum range.
 s - a +5 morningstar of freezing (weapon)
 I - the +6 great mace of Indomitability {crush, Str+3 Dex+3}
   (Okawaru gifted it to you on level 2 of the Lair of Beasts)

   It inflicts extra damage upon your enemies.
   It affects your strength (+3).
   It affects your dexterity (+3).
Missiles
 L - 4 silver boomerangs (quivered)
Armour
 c - a +2 pair of gloves (worn)
 i - a +0 large shield
 j - a +0 pair of boots (worn)
 z - a +2 buckler of fire resistance (worn)
 J - a +1 crystal plate armour (worn)
Jewellery
 d - an amulet of guardian spirit (around neck)
 g - a ring of protection from fire (left hand)
 k - a +4 ring of protection (right hand)
 m - an uncursed amulet of rage
 r - an uncursed ring of protection from cold
 w - a +6 ring of intelligence
 y - an uncursed ring of magical power
 K - an uncursed ring of stealth
Wands
 n - a wand of iceblast (6)
 D - a wand of flame (21)
 G - a wand of digging (3)
Scrolls
 a - 2 scrolls of magic mapping
 h - 14 scrolls of teleportation
 l - 7 scrolls of remove curse
 t - a scroll of blinking
 u - 11 scrolls of identify
 A - 2 scrolls of enchant weapon
 B - a scroll of enchant armour
 F - a scroll of amnesia
Potions
 b - 2 potions of heal wounds
 e - 3 potions of haste
 q - a potion of flight
 v - 2 potions of agility
 x - 5 potions of curing
 C - 4 potions of might
 H - 2 potions of magic
Miscellaneous
 E - a phial of floods
Comestibles
 f - 22 rations
 p - 10 chunks of flesh


   Skills:
 * Level 16.1(21.1) Fighting
 * Level 17.1(22.1) Maces & Flails
 + Level 1.4(6.4) Throwing
 + Level 9.3(14.3) Armour
 + Level 2.6(7.6) Dodging
 + Level 1.3(6.3) Stealth
 + Level 14.1(19.1) Shields
 - Level 7.0 Invocations
 * Level 3.1 Evocations


You had 13 spell levels left.
You didn't know any spells.
Your spell library contained the following spells:

 Spells                   Type           Power        Failure   Level  Hunger
 Animate Skeleton         Necr           N/A          100%        1    ##.....
 Apportation              Tloc           #.....       100%        1    ##.....
 Confusing Touch          Hex            #.....       100%        1    ##.....
 Flame Tongue             Conj/Fire      #....        100%        1    ##.....
 Magic Dart               Conj           #...         100%        1    ##.....
 Pain                     Necr           #...         100%        1    ##.....
 Summon Butterflies       Summ           #.......     100%        1    ##.....
 Summon Small Mammal      Summ           #...         100%        1    ##.....
 Blink                    Tloc           N/A          100%        2    ###....
 Call Imp                 Summ           #.......     100%        2    ###....
 Slow                     Hex            #.......     100%        2    ###....
 Throw Flame              Conj/Fire      #.....       100%        2    ###....
 Call Canine Familiar     Summ           #.......     100%        3    ####...
 Confuse                  Hex            #.......     100%        3    ####...
 Conjure Flame            Conj/Fire      #.......     100%        3    ####...
 Gell's Gravitas          Tloc           #.........   100%        3    ####...
 Inner Flame              Hex/Fire       #.......     100%        3    ####...
 Mephitic Cloud           Conj/Pois/Air  #.......     100%        3    ####...
 Regeneration             Chrm/Necr      #.........   100%        3    ####...
 Vampiric Draining        Necr           #.........   100%        3    ####...
 Animate Dead             Necr           N/A          100%        4    #####..
 Petrify                  Tmut/Erth      #.......     100%        4    #####..
 Sticky Flame             Conj/Fire      #.......     100%        4    #####..
 Summon Ice Beast         Ice/Summ       #.......     100%        4    #####..
 Bolt of Magma            Conj/Fire/Erth #.........   100%        5    ######.
 Fireball                 Conj/Fire      #.........   100%        5    ######.
 Iskenderun's Battlesphe  Conj/Chrm      #.......     100%        5    ######.
 Metabolic Englaciation   Hex/Ice        #.........   100%        5    ######.
 Summon Mana Viper        Hex/Summ       #.......     100%        5    ######.
 Venom Bolt               Conj/Pois      #.........   100%        5    ######.
 Yara's Violent Unravell  Hex/Tmut       #.........   100%        5    ######.
 Iron Shot                Conj/Erth      #.........   100%        6    #######
 Orb of Destruction       Conj           #.........   100%        7    #######
 Spellforged Servitor     Conj/Summ      #.........   100%        7    #######
 Summon Hydra             Summ           #.........   100%        7    #######


Dungeon Overview and Level Annotations

Branches:
Dungeon (10/15)            Temple (1/1) D:5            Lair (6/6) D:10
 Shoals (0/4) Lair:3       Spider (0/4) Lair:2        Slime (0/5) Lair:5
Ossuary (visited)
    Orc: D:9-12

Altars:
Ashenzari
Gozag
Kikubaaqudgha
Makhleb
Okawaru
Qazlal
Sif Muna
Trog
Wu Jian
Zin
The Shining One
Jiyva

Shops:
D:4 !   D:8 ?

Annotations:
D:7 3 runed translucent doors, QCQA's ghost, novice DsGl


Innate Abilities, Weirdness & Mutations

You reflexively headbutt those who attack you in melee.
You have a pair of horns on your head.
You are partially covered in large bone plates. (SH +4)
You are agile. (Dex +2)
Your flesh is heat resistant. (rF+)
You are weak. (Str -2)


Message History

The dire elephant tramples you.
* * * LOW HITPOINT WARNING * * *
You hold your ground!
You block the dire elephant's attack.
You puncture the dire elephant! You freeze the dire elephant.
You kill the dire elephant!
Okawaru accepts your kill.
You impale the dire elephant!! You freeze the dire elephant.
The dire elephant is moderately wounded.
The dire elephant closely misses you. You furiously retaliate!
You headbutt the dire elephant, but do no damage.
You block the dire elephant's attack. The dire elephant tramples you!
* * * LOW HITPOINT WARNING * * *
You hold your ground!
The dire elephant trunk-slaps you but does no damage.
You bludgeon the dire elephant!! You freeze the dire elephant.
The dire elephant is heavily wounded.
The dire elephant tramples you!!
* * * LOW HITPOINT WARNING * * *
You hold your ground!
The dire elephant trunk-slaps you.
You die...

#### ###..# ♣♣
#P...P ♣/♣ #....†
#♣8♣ ♣..#.. ##@♣
#.###. #YY# #.# ##
#..## #.# ##
##...##### #.# #.
#...##..P+ #♣.####
##...'..### #.(.###
#...#8...# #♣....#.
#..#####.# ♣.......
##..'..#.##♣.......


You could see 2 dire elephants.

Vanquished Creatures
  2 dire elephants
  5 hydras
  An anaconda (Lair:6)
  6 death yaks (Lair:6)
  2 alligators (Lair:4)
  A swamp dragon (Lair:4)
  26 elephants
  4 black mambas
  An ugly thing (D:6)
  Maurice (D:9)
  2 merfolk sirens (Lair:3)
  6 spiny frogs
  3 rime drakes
  5 komodo dragons
  A merfolk (Lair:3)
  2 trolls (D:9)
  A hornet (D:8)
  A slime creature (Lair:4)
  7 blink frogs (Lair:4)
  9 hippogriffs
  A redback (Lair:2)
  A spriggan (Lair:2)
  Sigmund (D:4)
  47 yaks
  3 wyverns
  A basilisk (Lair:2)
  A swamp worm (Lair:4)
  14 water moccasins
  12 porcupines
  2 sky beasts
  An eye of draining (D:8)
  An orc warrior (D:6)
  2 black bears
  A necrophage (D:8)
  3 ice beasts
  5 ogres
  8 wolves
  5 centaurs
  15 crocodiles
  An elf zombie (Ossuary)
  16 bullfrogs
  A wyvern zombie (D:10)
  3 scorpions
  10 killer bees
  2 howler monkeys (D:7)
  3 wights (D:7)
  5 electric eels
  3 human zombies (Ossuary)
  5 crimson imps
  2 centaur zombies (D:8)
  2 bullfrog zombies
  8 hounds
  8 orc priests
  3 jellies
  A centaur skeleton (D:6)
  2 bullfrog skeletons
  Ijyb (D:2)
  12 orc wizards
  12 worker ants
  A hound zombie (D:8)
  4 mummies (Ossuary)
  A howler monkey zombie (D:9)
  9 adders
  7 gnolls
  3 shadow imps
  An ooze (D:4)
  3 adder zombies
  A worm (D:2)
  An adder skeleton (D:6)
  3 dart slugs
  4 leopard geckos
  28 orcs
  6 giant cockroaches
  14 goblins
  8 hobgoblins
  13 jackals
  8 kobolds
  6 quokkas
  8 bats
  4 frilled lizards
  2 hobgoblin zombies (Ossuary)
  A jackal zombie (Ossuary)
  A kobold zombie (Ossuary)
  2 orc zombies (Ossuary)
  A quokka skeleton (D:8)
  5 rats
  3 plants (Lair:6)
458 creatures vanquished.

Vanquished Creatures (others)
  48 fungi
  10 plants
58 creatures vanquished.

Grand Total: 516 creatures vanquished

Notes
Turn   | Place    | Note
-------+----------+-------------------------------------------
     0 | D:1      | Taxorgian the Minotaur Fighter began the quest for the Orb.
     0 | D:1      | Reached XP level 1. HP: 19/19 MP: 0/0
   104 | D:1      | Reached XP level 2. HP: 27/27 MP: 1/1
   767 | D:2      | Reached XP level 3. HP: 31/33 MP: 2/2
   799 | D:2      | Noticed Ijyb
   806 | D:2      | Reached skill level 3 in Maces & Flails
   814 | D:2      | Paralysed by Ijyb for 6 turns
   821 | D:2      | Paralysed by Ijyb for 6 turns
   832 | D:2      | Killed Ijyb
   904 | D:2      | Reached XP level 4. HP: 41/41 MP: 3/3
   925 | D:2      | Reached skill level 4 in Maces & Flails
  1619 | D:3      | Reached XP level 5. HP: 47/47 MP: 4/4
  1785 | D:3      | Gained mutation: You are partially covered in large bone
                  | plates. (SH +4) [potion of mutation]
  1785 | D:3      | Gained mutation: Your spells are a little easier to cast,
                  | but a little less powerful. [potion of mutation]
  1785 | D:3      | Gained mutation: Your flesh is heat resistant. (rF+)
                  | [potion of mutation]
  1785 | D:3      | Gained mutation: You are robust. (+10% HP) [potion of
                  | mutation]
  1887 | D:4      | Reached skill level 5 in Maces & Flails
  1938 | D:4      | Noticed Sigmund
  1945 | D:4      | Killed Sigmund
  1945 | D:4      | Reached skill level 5 in Fighting
  1945 | D:4      | Reached skill level 1 in Dodging
  1945 | D:4      | Reached XP level 6. HP: 61/61 MP: 5/5
  1948 | D:4      | Reached skill level 5 in Shields
  1950 | D:4      | Found Nuud's Distillery.
  1994 | D:4      | Reached skill level 6 in Maces & Flails
  2039 | D:4      | Found a burning altar of Makhleb.
  2272 | D:4      | Found a stormy altar of Qazlal.
  2488 | D:4      | Reached XP level 7. HP: 37/67 MP: 6/6
  2646 | D:4      | Bought a potion of degeneration for 11 gold pieces
  2709 | D:4      | Reached skill level 7 in Maces & Flails
  3131 | D:5      | Entered Level 5 of the Dungeon
  3152 | D:5      | Lost mutation: Your spells are a little easier to cast, but
                  | a little less powerful. [potion of mutation]
  3152 | D:5      | Lost mutation: You are robust. (+10% HP) [potion of
                  | mutation]
  3152 | D:5      | Gained mutation: You are weak. (Str -2) [potion of
                  | mutation]
  3152 | D:5      | Gained mutation: You are agile. (Dex +2) [potion of
                  | mutation]
  3181 | D:5      | Found a staircase to the Ecumenical Temple.
  3193 | Temple   | Entered the Ecumenical Temple
  3244 | Temple   | Became a worshipper of Warmaster Okawaru
  3665 | D:5      | Reached skill level 8 in Maces & Flails
  3713 | D:5      | Found an ornate altar of the Wu Jian Council.
  3955 | D:6      | Noticed a cyan ugly thing
  3968 | D:6      | Killed a cyan ugly thing
  3968 | D:6      | Reached * piety under Okawaru
  3968 | D:6      | Reached skill level 5 in Armour
  3968 | D:6      | Reached XP level 8. HP: 23/70 MP: 3/7
  3979 | D:6      | Reached skill level 9 in Maces & Flails
  3984 | D:6      | Reached ** piety under Okawaru
  4661 | D:6      | Reached XP level 9. HP: 79/79 MP: 8/8
  4764 | D:6      | Reached skill level 10 in Maces & Flails
  4837 | D:7      | Reached *** piety under Okawaru
  5016 | D:7      | Reached skill level 1 in Invocations
  5049 | D:7      | Found a sand-covered staircase.
  5054 | Ossuary  | Entered an ossuary
  5362 | D:7      | Found an opulent altar of Gozag.
  5398 | D:7      | Found a glowing silver altar of Zin.
  5446 | D:7      | Reached **** piety under Okawaru
  5727 | D:7      | Found a runed translucent gate.
  5729 | D:7      | Found a runed translucent gate.
  5730 | D:7      | Found a runed translucent gate.
  5730 | D:7      | Found a bloodstained altar of Trog.
  5731 | D:7      | Noticed QCQA's ghost (novice DsGl)
  5732 | D:7      | Found a shimmering blue altar of Sif Muna.
  5790 | D:7      | Reached skill level 11 in Maces & Flails
  6355 | D:8      | Reached XP level 10. HP: 92/92 MP: 10/10
  6524 | D:8      | Reached ***** piety under Okawaru
  6527 | D:8      | Reached skill level 10 in Fighting
  6896 | D:8      | Found Siatilu's Magic Scroll Shoppe.
  6907 | D:8      | Bought a scroll of enchant weapon for 97 gold pieces
  7242 | D:8      | Reached skill level 12 in Maces & Flails
  7766 | D:9      | Found an ancient bone altar of Kikubaaqudgha.
  7803 | D:9      | Reached skill level 10 in Shields
  7983 | D:9      | Reached skill level 1 in Throwing
  8075 | D:9      | Noticed Maurice
  8102 | D:9      | Killed Maurice
  8298 | D:10     | Entered Level 10 of the Dungeon
  8577 | D:10     | Found a staircase to the Lair.
  8587 | Lair:1   | Entered Level 1 of the Lair of Beasts
  8703 | Lair:1   | Reached XP level 11. HP: 91/104 MP: 9/12
  8779 | Lair:1   | Reached skill level 13 in Maces & Flails
  9147 | Lair:1   | Noticed an eight-headed hydra
  9154 | Lair:1   | Killed an eight-headed hydra
  9154 | Lair:1   | Received a gift from Okawaru
  9465 | Lair:2   | Received a gift from Okawaru
  9647 | Lair:2   | Reached ****** piety under Okawaru
  9647 | Lair:2   | Reached skill level 14 in Maces & Flails
  9653 | Lair:2   | Received a gift from Okawaru
  9680 | Lair:2   | Got a dazzling great mace {god gift}
  9686 | Lair:2   | Identified the +6 great mace of Indomitability {crush,
                  | Str+3 Dex+3} (Okawaru gifted it to you on level 2 of the
                  | Lair of Beasts)
  9703 | Lair:2   | Reached skill level 5 in Invocations
  9798 | Lair:2   | Noticed a dire elephant
  9822 | Lair:2   | Killed a dire elephant
  9832 | Lair:2   | Reached XP level 12. HP: 59/115 MP: 7/14
 10230 | Lair:2   | Received a gift from Okawaru
 10232 | Lair:2   | Reached skill level 1 in Stealth
 10435 | Lair:2   | Found a hole to the Spider Nest.
 10686 | Lair:3   | Reached skill level 15 in Maces & Flails
 11506 | Lair:3   | Found a staircase to the Shoals.
 11684 | Lair:4   | Reached skill level 16 in Maces & Flails
 11795 | Lair:4   | Noticed a five-headed hydra
 11795 | Lair:4   | Noticed an alligator
 11796 | Lair:4   | Noticed an eight-headed hydra
 11802 | Lair:4   | Killed a five-headed hydra
 11802 | Lair:4   | Received a gift from Okawaru
 11812 | Lair:4   | Killed an alligator
 11812 | Lair:4   | Reached XP level 13. HP: 77/125 MP: 10/16
 11826 | Lair:4   | Got a dazzling scale mail {god gift}
 11837 | Lair:4   | Identified the +5 scale mail "Awkiuh" {Dex+4} (Okawaru
                  | gifted it to you on level 4 of the Lair of Beasts)
 11885 | Lair:4   | Reached skill level 15 in Fighting
 13924 | Lair:5   | Found a viscous altar of Jiyva.
 13924 | Lair:5   | Found a staircase to the Slime Pits.
 14064 | Lair:6   | Entered Level 6 of the Lair of Beasts
 14082 | Lair:6   | Reached skill level 1 in Evocations
 14115 | Lair:6   | Received a gift from Okawaru
 14116 | Lair:6   | Found the +8 storm bow {elec, penet}
 14454 | Lair:6   | Received a gift from Okawaru
 14707 | Lair:6   | Reached skill level 17 in Maces & Flails
 14720 | Lair:6   | Reached XP level 14. HP: 136/136 MP: 18/18
 15046 | Lair:6   | Received a gift from Okawaru
 15198 | Lair:6   | HP: 4/137 [dire elephant (19)]
 15198 | Lair:6   | Slain by a dire elephant

Levels and vault maps discovered:
D:1:      sevenhm_arrival_forest_fort_small_3, layout_basic, serial_glass,
          glass_columns_c, glass_columns_a, serial_bayou_lake_a
D:2:      kennysheep_the_goblin_king, layout_basic
D:3:      layout_rooms, uniq_ijyb
D:4:      layout_loops_cross, makhleb_blood_cavern_becter, serial_shops,
          nicolae_shop_competitors_out_of_business, portal_sewer_entry_d,
          grunt_qazlal_sundering, uniq_sigmund
D:5:      layout_gridville, lemuel_doored_altar, temple_statues, first_ration
D:6:      minmay_angry_zag, layout_cave_pools, serial_glass, glass_columns_b,
          glass_columns_c, due_unseen_surprise, corexii_hall_statues_i,
          minmay_manual_mess
D:7:      layout_rooms, nicolae_overflow_hidden_temple, enter_ossuary_5,
          gammafunk_ghost_necromancy, grunt_ogre_cave, water_boxes_lemuel
D:8:      minmay_polygon_palace, layout_basic, serial_shops,
          nicolae_shop_waterfront
D:9:      layout_stronghold, lemuel_round_altar, uniq_maurice
D:10:     layout_loops_ring, lair_entry_dummy
Temple:   regret_index_temple_generic_petals
Lair:1:   layout_roguey, grunt_forest_large_clearing_hut, lemuel_fruit_tree
Lair:2:   mu_elephants_graveyard, layout_long_grid, spider_nest_entry_rubble,
          nicolae_lair_grove_arrangements
Lair:3:   layout_regular_city, elwin_shoals_entry_rooms, grunt_megastairs_3
Lair:4:   onia_ninara_swampy_vault, layout_cave_pods, serial_bayou_shore_b
Lair:5:   layout_cave_pods, dpeg_slime_entry_enclosed_altar
Lair:6:   due_jungle_book, layout_loops_ring

Skill      XL: |  1  2  3  4  5  6  7  8  9 10 11 12 13 14 |
---------------+-------------------------------------------+-----
Armour         | 4 5 6 7 8 9 |  9.3
Fighting       | 4 5 6 7 9 11 13 14 15 16 | 16.1
Maces & Flails | 3 4 5 6 8 9 11 12 14 16 17 | 17.1
Shields        | 4 5 6 7 9 10 11 12 13 14 | 14.1
Dodging        | 1 2 |  2.6
Invocations    | 2 3 5 6 7 |  7.0
Throwing       | 1 |  1.4
Stealth        | 1 |  1.3
Evocations     | 2 3 |  3.1

Action                   |  1- 3 |  4- 6 |  7- 9 | 10-12 | 13-15 || total
-------------------------+-------+-------+-------+-------+-------++-------
Melee: Flail             |    91 |   169 |   283 |       |       ||   543
       Headbutt          |    11 |    20 |    89 |   135 |   117 ||   372
       Morningstar       |       |       |   117 |   569 |   409 ||  1095
Throw: Boomerang         |       |       |       |    19 |       ||    19
Invok: Heroism           |       |       |       |       |     1 ||     1
  Use: Potion            |     5 |     2 |     4 |     3 |     2 ||    16
       Scroll            |       |    10 |     8 |     2 |     1 ||    21
 Stab: Invisible         |       |       |       |     3 |       ||     3
  Eat: Chunk             |       |     5 |    10 |    18 |     8 ||    41
       Ration            |       |       |     1 |       |     1 ||     2
Armor: Scale mail        |    79 |       |       |       |       ||    79
       Chain mail        |     5 |   100 |    18 |       |       ||   123
       Plate armour      |       |       |   211 |   176 |       ||   387
       Crystal plate arm |       |       |       |    95 |   182 ||   277
Dodge: Dodged            |    33 |    33 |    45 |    43 |    31 ||   185
Block: Shield            |    57 |    96 |    27 |       |       ||   180
       Large shield      |       |       |   439 |   636 |   356 ||  1431
       Buckler           |       |       |       |       |    19 ||    19
